 Dungeon Crawl Stone Soup version 0.29.1-2-gbd0b4ee654 (webtiles) character file.

Game seed: 10622428386273912984

14 Sabo the Shield-Bearer (level 2, 29/29 HPs)
             Began as a Troll Fighter on Nov 1, 2022.
             Was a Follower of Vehumet.
             Got out of the dungeon alive.
             The game lasted 00:02:57 (510 turns).

Sabo the Shield-Bearer (Troll Fighter)               Turns: 510, Time: 00:02:57

Health: 29/29      AC:  4    Str: 23    XL:     2   Next: 27%
Magic:  1/1        EV:  8    Int:  4    God:    Vehumet [*.....]
Gold:   16         SH:  7    Dex:  9    Spells: 1/1 levels left

rFire   . . .      SeeInvis .   a - +0 war axe
rCold   . . .      Faith    .   c - +0 kite shield
rNeg    . . .      Spirit   .   b - +0 robe
rPois   .          Reflect  .   e - +0 hat
rElec   .          Harm     .   (no cloak)
rCorr   .          Rampage  .   (gloves unavailable)
Will    .....                   (boots unavailable)
Stlth   +.........              (no amulet)
HPRegen 0.89/turn               (no ring)
MPRegen 0.07/turn               (no ring)

@: no status effects
A: large, unfitting armour, claws 3, regeneration 1, shaggy fur 1, tough skin 1
a: Renounce Religion


You escaped.
You worshipped Vehumet.
Vehumet was aware of your devotion.
You visited 1 branch of the dungeon, and saw 1 of its levels.

You collected 16 gold pieces.

Inventory:

Hand Weapons
 a - a +0 war axe (weapon)
Armour
 b - a +0 robe (worn)
 c - a +0 kite shield (worn)
 e - a +0 hat (worn)
Scrolls
 f - a scroll of enchant weapon {unknown}
 g - a scroll of teleportation {unknown}
Potions
 d - 2 potions of might


   Skills:
 + Level 2.6 Fighting
 + Level 1.7 Axes
 + Level 2.6 Dodging
 + Level 2.9 Shields


You had one spell level left.
You didn't know any spells.
Your spell library was empty.

Dungeon Overview and Level Annotations

Branches:
Dungeon (1/15)

Altars:
Vehumet


Innate Abilities, Weirdness & Mutations

You are too large for most types of armour.
You have claws for hands.
Your natural rate of healing is unusually fast.
You are covered in fur. (AC +1)
You have tough skin. (AC +1)


Message History

You don't know any spells.
You don't know any spells.
A frilled lizard comes into view.
The frilled lizard hisses angrily.
You barely miss the frilled lizard. You block the frilled lizard's attack.
The frilled lizard bites you but does no damage.
You closely miss the frilled lizard. The frilled lizard barely misses you.
You block the frilled lizard's attack.
You closely miss the frilled lizard.
The frilled lizard bites you but does no damage.
You miss the frilled lizard.
You block the frilled lizard's attack. x2
You miss the frilled lizard.
The frilled lizard bites you but does no damage.
You barely miss the frilled lizard. The frilled lizard bites you.
You block the frilled lizard's attack.
You barely miss the frilled lizard. You block the frilled lizard's attack.
You closely miss the frilled lizard. You block the frilled lizard's attack.
The frilled lizard unfolds its giant frill.
You block the frilled lizard's attack.
You completely miss the frilled lizard. The frilled lizard barely misses you.
You barely miss the frilled lizard.
The frilled lizard bites you but does no damage.
The frilled lizard completely misses you.
You closely miss the frilled lizard. You block the frilled lizard's attack.
You hit the frilled lizard.
You kill the frilled lizard!
Vehumet accepts your kill.
You see here a frilled lizard corpse.
You see here a frilled lizard corpse.
You see here a quokka skeleton.
You see here 6 stones.
You see here a +0 club.
You see here a +0 club.
You see here 6 stones.
There is an open door here.
There is an open door here.
There is a staircase leading out of the dungeon here.
You can't go down here!
Are you sure you want to leave the Dungeon?
This will make you lose the game!
You have escaped!

#.# #.# ##.## #.#.# ##..#
##.# #)# ######### #.#
##.......## #.#
######....@....######
#.###...................##
###.##...⌠....##'##....⌠...#
....##........#...#........#
....##........+8.8'........#
...#############'###########
#(## #.##.#..##..#.# #.#
#.##.#.###....###
#.########.##............#
#.#


There were no monsters in sight!

Vanquished Creatures
  2 ball pythons (D:1)
  A bat (D:1)
  A goblin (D:1)
  4 quokkas (D:1)
  2 frilled lizards (D:1)
  2 kobolds (D:1)
12 creatures vanquished.

Notes
Turn   | Place    | Note
-------+----------+-------------------------------------------
     0 | D:1      | Sabo the Troll Fighter began the quest for the Orb.
     0 | D:1      | Reached XP level 1. HP: 22/22 MP: 0/0
   180 | D:1      | Reached XP level 2. HP: 29/29 MP: 1/1
   331 | D:1      | Found a faded altar of an unknown god.
   349 | D:1      | Prayed at the altar of an unknown god.
   349 | D:1      | Became a worshipper of Vehumet
   349 | D:1      | Reached * piety under Vehumet
   349 | D:1      | Offered knowledge of Foxfire by Vehumet.
   510 | D:$      | Got out of the dungeon alive.

Illustrated notes

Levels and vault maps discovered:
D:1:      giann_wishing_wells, layout_loops_ring, basic_ecumenical_altar

Action                   || total
-------------------------++-------
Melee: War axe           ||    50
Armor: Robe              ||    14
Dodge: Dodged            ||    23
Block: Kite shield       ||    25
